 Dungeon Crawl Stone Soup version 0.29-a0-286-g41199d4a87 (webtiles) character file.

Game seed: 9761570640035961666

127 Kizar the Vexing (level 4, -4/21 HPs)
             Began as a Spriggan Enchanter on Mar 16, 2022.
             Slain by an orc priest
             ... wielding a +0 mace
              (7 damage)
             ... on level 3 of the Dungeon.
             The game lasted 00:05:18 (2716 turns).

Kizar the Vexing (Spriggan Enchanter)               Turns: 2716, Time: 00:05:18

Health: -4/21      AC:  2    Str:  6    XL:     4   Next: 85%
Magic:  1/11       EV: 17    Int: 16    God:
Gold:   110        SH:  0    Dex: 15    Spells: 4/12 levels left

rFire   . . .      SeeInvis +   e - +1 dagger (freeze)
rCold   . . .      Faith    .   (no shield)
rNeg    . . .      Spirit   .   b - +0 robe
rPois   .          Reflect  .   (helmet restricted)
rElec   .          Harm     .   (no cloak)
rCorr   .          Rampage  .   (gloves unavailable)
Will    .....                   (boots unavailable)
Stlth   +++.......              f - amulet of regeneration
HPRegen 0.87/turn               (no ring)
MPRegen 0.12/turn               (no ring)

@: invisible, very quick
A: very small, no large weapons, unfitting armour, see invisible, speed 3
a: no special abilities


You were on level 3 of the Dungeon.
You visited 1 branch of the dungeon, and saw 3 of its levels.

You collected 110 gold pieces.

Inventory:

Hand Weapons
 a - a +1 dagger
 e - a +1 dagger of freezing (weapon)
Armour
 b - a +0 robe (worn)
Jewellery
 f - an amulet of regeneration (around neck)
 h - a ring of flight
Scrolls
 g - a scroll of identify
 i - 2 scrolls of teleportation
Potions
 d - a potion of brilliance


   Skills:
 - Level 1.1 Short Blades
 - Level 2.6 Dodging
 - Level 4.4 Stealth
 + Level 4.8 Spellcasting
 + Level 5.4 Hexes


You had 4 spell levels left.
You knew the following spells:

 Your Spells              Type           Power      Damage    Failure   Level
a - Ensorcelled Hibernat  Hex/Ice        24%        N/A       8%          2
b - Tukima's Dance        Hex            21%        N/A       4%          3
d - Confusing Touch       Hex            21%        N/A       4%          3

Your spell library contained the following spells:

 Spells                   Type           Power      Damage    Failure   Level
 Slow                     Hex            84%        N/A       1%          1
 Dazzling Flash           Conj/Hex       24%        N/A       16%         3
 Inner Flame              Hex/Fire       12%        N/A       16%         3
 Cause Fear               Hex            10%        N/A       17%         4
 Corpse Rot               Necr/Air       6%         N/A       24%         2
 Vampiric Draining        Necr           3%         2d6       43%         3
 Dispel Undead            Necr           3%         3d7       83%         4
 Iskenderun's Battlesphe  Conj           3%         2d6       99%         5
 Death Channel            Necr           1%         N/A       100%        6
 Iron Shot                Conj/Erth      1%         9d1       100%        6
 Spellforged Servitor     Conj/Summ      1%         N/A       100%        7
 Discord                  Hex            10%        N/A       100%        8


Dungeon Overview and Level Annotations

Branches:
Dungeon (3/15)

Altars:


Innate Abilities, Weirdness & Mutations

You are very small and have problems with some larger weapons.
You are too small for most types of armour.
You have supernaturally acute eyesight. (SInv)
You cover ground extremely quickly. (Speed+++)


Message History

Aim: an orc priest, wielding a +0 mace (chance to affect: 46%)
The orc priest resists with some effort.
A goblin comes into view. It is wielding a +0 club.
Unknown command.
Casting: Ensorcelled Hibernation (safe; 8% risk of failure)
Confirm with . or Enter, or press ? or * to list all spells.
Aiming: Ensorcelled Hibernation (safe; 8% risk of failure)
Press: ? - help, Shift-Dir - straight line, f/p - orc priest
Aim: an orc priest, wielding a +0 mace (chance to affect: 46%)
The orc priest resists with some effort.
The goblin shouts!
The orc priest hits you with a +0 mace! The orc closely misses you.
Unknown command.
Casting: Ensorcelled Hibernation (safe; 8% risk of failure)
Confirm with . or Enter, or press ? or * to list all spells.
Aiming: Ensorcelled Hibernation (safe; 8% risk of failure)
Press: ? - help, Shift-Dir - straight line, f/p - orc priest
Aim: an orc priest, wielding a +0 mace (chance to affect: 46%)
Okay, then.
Unknown command.
Casting: Ensorcelled Hibernation (safe; 8% risk of failure)
Confirm with . or Enter, or press ? or * to list all spells.
Aiming: Ensorcelled Hibernation (safe; 8% risk of failure)
Press: ? - help, Shift-Dir - straight line, f/p - orc priest
Aim: an orc priest, wielding a +0 mace (chance to affect: 46%)
The orc priest resists with some effort.
The orc priest misses you. The orc closely misses you.
Unknown command.
Casting: Ensorcelled Hibernation (safe; 8% risk of failure)
Confirm with . or Enter, or press ? or * to list all spells.
Aiming: Ensorcelled Hibernation (safe; 8% risk of failure)
Press: ? - help, Shift-Dir - straight line, f/p - orc priest
Aim: an orc priest, wielding a +0 mace (chance to affect: 46%)
The orc priest resists with some effort.
The orc priest hits you with a +0 mace. The orc hits you with a +0 falchion.
* * * LOW HITPOINT WARNING * * *
Unknown command.
You fade into invisibility!
The orc priest hits you with a +0 mace!
You die... #......# #......# ......# ...g.## .....
Koo

#o####.#
##@o....##
#.........
#.########
#.# ..#.#
#.#.#
#.#.#
#.#.#
#.#.#


You could see an orc priest (can't see you), 3 orcs, a goblin (can't see you)
and a kobold (can't see you).

Vanquished Creatures
  Natasha (thrice) (D:2)
  3 adders
  2 giant cockroaches (D:1)
  6 goblins
  5 hobgoblins
  6 jackals
  4 kobolds
  3 quokkas (D:1)
  2 ball pythons
  3 bats (D:1)
  3 frilled lizards
  A rat (D:1)
41 creatures vanquished.

Notes
Turn   | Place    | Note
-------+----------+-------------------------------------------
     0 | D:1      | Kizar the Spriggan Enchanter began the quest for the Orb.
     0 | D:1      | Reached XP level 1. HP: 9/9 MP: 5/5
   231 | D:1      | Reached skill level 4 in Hexes
   253 | D:1      | Reached XP level 2. HP: 11/13 MP: 7/7
   331 | D:1      | Learned a level 2 spell: Ensorcelled Hibernation
   838 | D:1      | You fall into a shaft and drop 1 floor!
  1038 | D:1      | Reached XP level 3. HP: 15/16 MP: 9/9
  1042 | D:1      | Learned a level 3 spell: Tukima's Dance
  1046 | D:1      | Learned a level 3 spell: Confusing Touch
  1425 | D:2      | Noticed Natasha
  1429 | D:2      | Killed Natasha
  1745 | D:2      | Reached XP level 4. HP: 20/21 MP: 11/11
  1784 | D:2      | Noticed Natasha
  1804 | D:2      | Reached skill level 5 in Hexes
  1804 | D:2      | Killed Natasha
  2158 | D:2      | Noticed Natasha
  2164 | D:2      | Killed Natasha
  2640 | D:3      | Found a faded altar of an unknown god.
  2716 | D:3      | Slain by an orc priest

Illustrated notes

Levels and vault maps discovered:
D:1:      lightli_arrival_maybe_door_vault, layout_basic
D:2:      layout_loops_ring, uniq_natasha
D:3:      layout_basic, shapermc_ecumenical_altar_venn, uniq_robin

Skill      XL: |  1  2  3  4 |
---------------+-------------+-----
Spellcasting   | 3 4 |  4.8
Hexes          | 4 5 |  5.4
Short Blades   | |  1.1
Dodging        | |  2.6
Stealth        | |  4.4

Action                   |  1- 3 |  4- 6 || total
-------------------------+-------+-------++-------
Melee: Dagger            |    86 |    32 ||   118
 Cast: Ensorcelled Hiber |     1 |    13 ||    14
  Use: Scroll            |     3 |     1 ||     4
       Potion            |       |     4 ||     4
 Stab: Sleeping          |    10 |     5 ||    15
       Distracted        |       |     1 ||     1
       Invisible         |       |     1 ||     1
Armor: Robe              |     3 |     3 ||     6
Dodge: Dodged            |    53 |    40 ||    93

Table legend: (Time is in decaauts)
 A = Elapsed time spent in this place.
 B = Non-inter-level travel time spent in this place.
 C = Inter-level travel time spent in this place.
 D = Time resting spent in this place.
 E = Time spent auto-exploring this place.
 F = Levels seen in this place.
 G = Mean time per level.
                   A        B        C        D        E       F      G
               +--------+--------+--------+--------+--------+-----+--------+
         Total |   2127 |   2059 |     68 |    336 |   1424 |   3 |  709.0 |
       Dungeon |   2127 |   2059 |     68 |    336 |   1424 |   3 |  709.0 |
               +--------+--------+--------+--------+--------+-----+--------+

Top non-repeatable levels by time:
     D:1: 1415 daAuts
     D:2: 462 daAuts
     D:3: 250 daAuts
